 Dungeon Crawl Stone Soup version 0.25-a0-561-g0977b4d109 (webtiles) character file.

Game seed: 7558874757589510475, levelgen mode: deterministic

230 Flugslaktarn the Chopper (level 5, 0/47 HPs)
             Began as a Minotaur Fighter on Feb 25, 2020.
             Slain by a worker ant (4 damage)
             ... on level 3 of the Dungeon.
             The game lasted 00:00:52 (1217 turns).

Flugslaktarn the Chopper (Minotaur Fighter)         Turns: 1217, Time: 00:00:52

Health: 0/47       AC:  7    Str: 22    XL:     5   Next: 72%
Magic:  4/4        EV:  7    Int:  5    God:
Gold:   178        SH:  9    Dex:  9    Spells: 4/4 levels left

rFire    . . .     SeeInvis .   a - +0 war axe
rCold    . . .     Gourm    .   c - +0 kite shield
rNeg     . . .     Faith    .   b - +0 scale mail
rPois    .         Spirit   .   (helmet restricted)
rElec    .         Reflect  .   (no cloak)
rCorr    .         Harm     .   (no gloves)
MR       .....                  (no boots)
Stlth    ..........             (no amulet)
HPRegen  0.15/turn              (no ring)
MPRegen  0.09/turn              (no ring)

@: no status effects
A: retaliatory headbutt, horns 2
a: no special abilities


You were on level 3 of the Dungeon.
You were not hungry.

You visited 1 branch of the dungeon, and saw 4 of its levels.

You collected 178 gold pieces.

Inventory:

Hand Weapons
 a - a +0 war axe (weapon)
Armour
 b - a +0 scale mail (worn)
 c - a +0 kite shield (worn)
Scrolls
 h - 2 scrolls of immolation {unknown}
 i - a scroll of noise {unknown}
 l - 3 scrolls of identify {unknown}
 m - a scroll of fear {unknown}
 o - a scroll of teleportation {unknown}
 p - a scroll of remove curse {unknown}
Potions
 d - a potion of might
 g - 2 potions of ambrosia {unknown}
 j - 3 potions of curing {unknown}
 k - a potion of heal wounds {unknown}
 n - a potion of stabbing {unknown}
Comestibles
 e - 4 rations
 f - 6 chunks of flesh


   Skills:
 + Level 4.7 Fighting
 * Level 5.0 Axes
 + Level 4.8 Armour
 + Level 4.7 Shields


You had 4 spell levels left.
You didn't know any spells.
Your spell library was empty.

Dungeon Overview and Level Annotations

Branches:
Dungeon (4/15)
 Temple: D:4-7

Altars:

Shops:
D:4 :


Innate Abilities, Weirdness & Mutations

You reflexively headbutt those who attack you in melee.
You have a pair of horns on your head.


Message History

You see here a stone.
You see here a whip.
There is a stone staircase leading up here.
The worker ant bites you.
* * * LOW HITPOINT WARNING * * *
You climb upwards.
Reactivating autopickup.
There is a stone staircase leading down here.
Unknown command.
The worker ant closely misses you.
The worker ant bites you but does no damage.
You block the worker ant's attack.
Unknown command.
You hit the worker ant but do no damage.
Your headbutt misses the worker ant. The worker ant barely misses you.
You barely miss the worker ant. Your headbutt misses the worker ant.
The worker ant bites you.
* * * LOW HITPOINT WARNING * * *
The worker ant bites you.
You die...

#.....#
#..........#####.###.#
#.###.#
###.#..###.##......... #.#
#.# #.#..###.##.##.#....
#.###.## #.#...##........>...
#.).(..# #.....##..###..#...(
#####..# ###...##..# #.......
#..# #.####..###....... #..#
###.####......####.. #..#
#>.@........### #.. #..#
#.a.......#.# #.. #..##
#.......#.#.# #.. #####...#
#...........######..
........#
#...................
.####..)###
##...................
#.....###[(((........#######.
###.....#..######.....# #
##.....#.รท#######.##.#


You could see a worker ant.

Vanquished Creatures
  A scorpion (D:4)
  A hound (D:4)
  An orc wizard (D:3)
  A worker ant (D:4)
  2 gnolls (D:4)
  An adder (D:4)
  An adder zombie (D:3)
  2 adder skeletons (D:3)
  2 dart slugs
  A leopard gecko (D:1)
  8 orcs (D:3)
  4 bats
  A giant cockroach (D:1)
  5 hobgoblins
  10 jackals
  3 frilled lizards
  A giant cockroach zombie (D:3)
  4 goblins
  5 kobolds
  3 rats
57 creatures vanquished.

Vanquished Creatures (others)
  A bat (D:2)
1 creature vanquished.

Grand Total: 58 creatures vanquished

Notes
Turn   | Place    | Note
-------+----------+-------------------------------------------
     0 | D:1      | Flugslaktarn the Minotaur Fighter began the quest for the
                  | Orb.
     0 | D:1      | Reached XP level 1. HP: 19/19 MP: 0/0
   195 | D:1      | Reached XP level 2. HP: 27/27 MP: 1/1
   229 | D:2      | Reached skill level 3 in Axes
   319 | D:2      | You fall into a shaft and drop 1 floor!
   335 | D:3      | Reached XP level 3. HP: 27/33 MP: 2/2
   512 | D:3      | Reached XP level 4. HP: 24/40 MP: 3/3
   649 | D:3      | Reached skill level 4 in Axes
   927 | D:4      | Found Demn's Book Emporium.
   965 | D:4      | Reached XP level 5. HP: 37/47 MP: 4/4
  1183 | D:4      | Reached skill level 5 in Axes
  1217 | D:3      | Slain by a worker ant

Levels and vault maps discovered:
D:1:      dpeg_arrival_round_b, layout_loops_ring, minivault_14,
          kennysheep_nondescript
D:2:      layout_basic, first_ration, nrook_mini_backslash,
          kennysheep_generic_room_2
D:3:      layout_loops_ring, serial_undead, serial_undead_c, serial_undead_b,
          serial_undead_b, serial_undead_a
D:4:      layout_basic, serial_shops, kennysheep_mini, uniq_grinder,
          uniq_crazy_yiuf_cottage, uniq_sigmund

Skill      XL: |  1  2  3  4  5 |
---------------+----------------+-----
Axes           | 3 4 5 |  5.0
Fighting       | 4 |  4.7
Armour         | 4 |  4.8
Shields        | 4 |  4.7

Action                   |  1- 3 |  4- 6 || total
-------------------------+-------+-------++-------
Melee: War axe           |    66 |    63 ||   129
       Headbutt          |     4 |     6 ||    10
  Eat: Chunk             |       |     1 ||     1
Armor: Scale mail        |    39 |    32 ||    71
Dodge: Dodged            |    30 |    17 ||    47
Block: Kite shield       |    48 |    37 ||    85

Table legend:
 A = Non-vault XP
 B = Vault XP
 C = Vault XP percentage of total XP
 D = Non-vault monster count
 E = Vault monster count
 F = Vault count percentage of total count
                 A         B        C        D         E       F
            +---------+---------+-------+---------+---------+-------
      Total |     312 |      17 |   5.2 |      53 |       4 |   7.0
            +---------+---------+-------+---------+---------+-------
        D:1 |      14 |       0 |   0.0 |       9 |       0 |   0.0
        D:2 |      21 |       0 |   0.0 |      11 |       0 |   0.0
        D:3 |      85 |      17 |  16.7 |      20 |       4 |  16.7
        D:4 |     192 |       0 |   0.0 |      13 |       0 |   0.0
            +---------+---------+-------+---------+---------+-------
